 Dungeon Crawl Stone Soup version 0.31.0-11-ge490571c62 (webtiles) character file.

Game seed: 15649989991638087301

1063 qw the Skirmisher (level 8, -2/39 HPs)
             Began as a Spriggan Hunter on Feb 4, 2024.
             Was an Initiate of Okawaru.
             Incinerated by a bombardier beetle (4 damage)
             ... with a burning spray
             ... on level 6 of the Dungeon.
             The game lasted 00:00:14 (4328 turns).

qw the Skirmisher (Spriggan Hunter)                 Turns: 4328, Time: 00:00:15

Health: -2/39      AC:  2    Str:  7    XL:     8   Next: 6%
Magic:  9/9        EV: 23    Int: 10    God:    Okawaru [......]
Gold:   1590       SH:  0    Dex: 21    Spells: 7/7 levels left

rFire   . . .        a - +1 shortbow
rCold   . . .        (shield currently unavailable)
rNeg    . . .        c - +0 robe
rPois   .            (helmet restricted)
rElec   .            (no cloak)
rCorr   .            (gloves unavailable)
SInv    +            (boots unavailable)
Will    +....        (no amulet)
Stlth   +            i - +4 ring of slaying {mikee}
HPRegen 0.26/turn    (no ring)
MPRegen 0.11/turn

%: no passive effects
@: on fire, glowing, very quick
A: very small, no large weapons, unfitting armour, see invisible, speed 3
a: Renounce Religion


You were on level 6 of the Dungeon.
You worshipped Okawaru.
Okawaru was noncommittal.
You visited 1 branch of the dungeon, and saw 6 of its levels.

You collected 1590 gold pieces.


Innate Abilities, Weirdness & Mutations

You are very small and have problems with some larger weapons.
You are too small for most types of armour.
You have supernaturally acute eyesight. (SInv)
You cover ground extremely quickly. (Speed+++)


   Skills:
 + Level 2.8 Fighting
 - Level 8.0 Ranged Weapons
 - Level 8.0 Dodging
 - Level 1.5 Stealth


You had 7 spell levels left.
You didn't know any spells.
Your spell library was empty.

Inventory:

Hand Weapons
 a - a +1 shortbow (weapon)
Armour
 c - a +0 robe (worn)
Jewellery
 i - a +4 ring of slaying (left hand) {mikee}
Scrolls
 b - 4 scrolls of enchant armour
Potions
 d - a potion of heal wounds {unknown}
 e - a potion of curing {unknown}
 g - a potion of attraction {unknown}
 k - a potion of might

Dungeon Overview and Level Annotations

Branches:
Dungeon (6/15)
 Temple: D:4-7

Altars:
Fedhas
Okawaru

Shops:
D:5 (

Annotations:
D:2 1 runed translucent door, Crazy Yiuf


Message History

There is a stone staircase leading up here.
Waypoint 5 assigned to D:6.
4309 ||| PLANNING SEWER A bombardier beetle comes into view.
You shoot an arrow.
The arrow barely misses the bombardier beetle.
You shoot an arrow. The arrow hits the bombardier beetle!
The bombardier beetle is heavily wounded.
You shoot an arrow. The arrow hits the bombardier beetle.
The bombardier beetle is almost dead.
You shoot an arrow.
The arrow barely misses the bombardier beetle.
The bombardier beetle sprays incendiary fluid at you.
The burning spray hits you.
You are covered in liquid fire!
You shoot an arrow. The arrow hits the bombardier beetle.
You kill the bombardier beetle!
Okawaru accepts your kill. The liquid fire burns you!
You are on fire!
The liquid fire burns you!
You are on fire!
The liquid fire burns you!
You are on fire!
The liquid fire burns you!
You are on fire!
The liquid fire burns you!
You are on fire!
The liquid fire burns you!
You are on fire!
The liquid fire burns you!
You are on fire!
The liquid fire burns you!
You are on fire!
The liquid fire burns you!
You are on fire!
The liquid fire burns you!
You are on fire!
The liquid fire burns you!
You die...

..## ..$ .%#
... #.#.# .
#.#.#.#
#####.#.#.##.
#...^@.......
#..........#.
#..........#
####.......#
#.......#
#<......#
#.......#
#.......#
#.......#


There were no monsters in sight!

Vanquished Creatures
  A black bear (D:4)
  2 ice beasts
  A phantom (D:5)
  A scorpion (D:5)
  A howler monkey (D:4)
  2 bombardier beetles
  2 hounds
  3 iguanas
  8 orc wizards
  A sleepcap (D:5)
  6 adders
  3 ribbon worms
  2 dart slugs (D:4)
  25 orcs
  10 ball pythons
  6 endoplasms
  2 giant cockroaches (D:3)
  5 goblins
  6 hobgoblins
  2 jackals (D:1)
  2 quokkas
  11 bats
  4 frilled lizards
  7 kobolds
  6 rats
119 creatures vanquished.

Notes
Turn   | Place    | Note
-------+----------+-------------------------------------------
     0 | D:1      | qw the Spriggan Hunter began the quest for the Orb.
     0 | D:1      | Reached XP level 1. HP: 10/10 MP: 2/2
     0 | D:1      | 0 ||| qw: Version: 0.3-a-160-g5e54788
     0 | D:1      | 0 ||| qw: Game counter: 4318
     0 | D:1      | 0 ||| qw: Melee chars always use a shield: true
     0 | D:1      | 0 ||| qw: God list: Okawaru
     0 | D:1      | 0 ||| qw: Allow faded altars: false
     0 | D:1      | 0 ||| qw: Do Orc after clearing Dungeon:15 true
     0 | D:1      | 0 ||| qw: Do second Lair branch before Depths: true
     0 | D:1      | 0 ||| qw: Lair rune preference: random
     0 | D:1      | 0 ||| qw: Goals: Normal
     0 | D:1      | 0 ||| PLANNING D:1-11
    75 | D:1      | Reached skill level 3 in Dodging
   135 | D:1      | Reached XP level 2. HP: 14/14 MP: 3/3
   309 | D:1      | 309 ||| RETREEEEATING.
   311 | D:1      | 311 ||| RETREEEEATING.
   661 | D:1      | 661 ||| UPGRADING to +4 ring of slaying {mikee}.
   662 | D:1      | 662 ||| READING scroll labelled WEOXOCEWEB.
   763 | D:1      | 763 ||| READING scroll labelled ZAKHLO GIOPN.
   864 | D:1      | 864 ||| READING scroll labelled MOTHRI XARRE.
   864 | D:1      | 864 ||| IDENTIFYING 2 cyan potions
   865 | D:1      | 865 ||| READING scroll labelled NUCVUAQI QAECH.
   866 | D:1      | 866 ||| DROPPING scroll of butterflies.
   867 | D:1      | 867 ||| DROPPING 2 potions of degeneration.
  1074 | D:2      | Reached XP level 3. HP: 18/18 MP: 4/4
  1508 | D:2      | Found a runed translucent door.
  1509 | D:2      | Noticed Crazy Yiuf
  1512 | D:2      | 1512 ||| READING scroll labelled VIURUPR HUROMP.
  1513 | D:2      | 1513 ||| READING scroll labelled ZOLILL YDDUPT.
  1513 | D:2      | 1513 ||| ENCHANTING +0 shortbow.
  1596 | D:3      | Reached XP level 4. HP: 21/22 MP: 5/5
  1748 | D:3      | Noticed an ice beast
  1756 | D:3      | Killed an ice beast
  1757 | D:3      | Reached skill level 6 in Dodging
  1757 | D:3      | Reached XP level 5. HP: 25/25 MP: 6/6
  2229 | D:3      | 2229 ||| FLEEEEING.
  2231 | D:3      | 2231 ||| FLEEEEING.
  2232 | D:3      | 2232 ||| FLEEEEING.
  2234 | D:3      | 2234 ||| FLEEEEING.
  2251 | D:3      | Reached XP level 6. HP: 30/30 MP: 7/7
  2579 | D:3      | 2579 ||| READING scroll of identify.
  2579 | D:3      | 2579 ||| IDENTIFYING lumpy red potion
  2580 | D:3      | 2580 ||| READING 4 scrolls labelled LISINIJUOL.
  2580 | D:3      | 2580 ||| ENCHANTING +1 shortbow.
  2581 | D:3      | 2581 ||| READING scroll labelled ZAG QIETTUXT.
  2582 | D:3      | 2582 ||| READING scroll labelled WIPPIP QEJORA.
  2585 | D:3      | 2585 ||| READING scroll labelled ONNESA GIGIOP.
  2586 | D:3      | 2586 ||| DROPPING potion of berserk rage.
  2668 | D:4      | Reached skill level 6 in Ranged Weapons
  2748 | D:4      | Found a blossoming altar of Fedhas.
  2959 | D:4      | Reached XP level 7. HP: 35/35 MP: 8/8
  3451 | D:5      | Entered Level 5 of the Dungeon
  3474 | D:5      | 3474 ||| RETREEEEATING.
  3475 | D:5      | 3475 ||| RETREEEEATING.
  3528 | D:5      | Found Silef's Antique Weapon Boutique.
  4058 | D:5      | Reached XP level 8. HP: 39/39 MP: 9/9
  4063 | D:5      | Found an iron altar of Okawaru.
  4064 | D:5      | 4064 ||| PLANNING OKAWARU WORSHIP
  4064 | D:5      | 4064 ||| DROPPING +6 ring of intelligence.
  4065 | D:5      | 4065 ||| READING scroll labelled VELOOWN RYESK.
  4065 | D:5      | Identified a scroll of acquirement
  4065 | D:5      | 4065 ||| ACQUIRING 1282 gold pieces
  4065 | D:5      | Acquired 1282 gold pieces
  4066 | D:5      | 4066 ||| READING scroll labelled DIEDAJE YF QOM.
  4067 | D:5      | 4067 ||| DRINKING 2 fizzy pink potions.
  4069 | D:5      | 4069 ||| Stepping ~*~*~tactically~*~*~ (cloud).
  4156 | D:5      | Became a worshipper of Warmaster Okawaru
  4157 | D:5      | 4157 ||| PLANNING D:1-11
  4309 | D:6      | 4309 ||| PLANNING SEWER
  4325 | D:6      | HP: 9/39 [burnt (2)]
  4327 | D:6      | HP: 1/39 [burnt (4)]
  4328 | D:6      | Incinerated by a bombardier beetle

Levels and vault maps discovered:
D:1:      amcnicky_arrival_gap_in_the_tavern_cellar, layout_basic,
          minmay_pentomino_o2
D:2:      layout_loops_ring, uniq_crazy_yiuf_cottage
D:3:      minmay_chambers_of_twos, layout_loops_corners, minmay_between
D:4:      layout_cave_pods, kennysheep_mini
D:5:      layout_loops_ring, kennysheep_mini_moat, serial_shops, shop,
          nicolae_tricolors
D:6:      layout_basic, minmay_temple_entry_ruins, portal_sewer_entry_d,
          serial_demonic, serial_demonic_b, serial_demonic_f, serial_demonic_g,
          serial_demonic_a, serial_demonic_e

Skill      XL: |  1  2  3  4  5  6  7 |
---------------+----------------------+-----
Dodging        | 3 4 6 8 |  8.0
Ranged Weapons | 5 7 8 |  8.0
Fighting       | 2 |  2.8
Stealth        | |  1.5

Action                     |  1- 3 |  4- 6 |  7- 9 || total
---------------------------+-------+-------+-------++-------
   Fire: Shortbow          |    70 |   124 |    87 ||   281
    Use: Scroll            |     6 |     5 |     2 ||    13
         Potion            |       |       |     1 ||     1
 Armour: Robe              |     5 |    10 |     7 ||    22
  Dodge: Dodged            |    15 |    26 |    15 ||    56

Table legend:
 A = Non-vault XP
 B = Vault XP
 C = Vault XP percentage of total XP
 D = Non-vault monster count
 E = Vault monster count
 F = Vault count percentage of total count
                 A         B        C        D         E       F
            +---------+---------+-------+---------+---------+-------
      Total |    1475 |      44 |   2.9 |     104 |      15 |  12.6
            +---------+---------+-------+---------+---------+-------
        D:1 |      32 |       2 |   5.9 |      21 |       2 |   8.7
        D:2 |      10 |       0 |   0.0 |       6 |       0 |   0.0
        D:3 |     328 |      42 |  11.4 |      33 |      13 |  28.3
        D:4 |     527 |       0 |   0.0 |      31 |       0 |   0.0
        D:5 |     530 |       0 |   0.0 |      12 |       0 |   0.0
        D:6 |      48 |       0 |   0.0 |       1 |       0 |   0.0
            +---------+---------+-------+---------+---------+-------
